Map: [ESL] Goldenaura

Players

Reynor

  • Race: Zerg Zerg
  • Spawn Location: 5:00

Harstem - Winner!

  • Race: Protoss Protoss
  • Spawn Location: 12:00

Event: ESL SC2 Masters 2023 Winter (Finals)

VOD

Have the link to the VOD?

Description

Time

  • Played on: Dec. 16, 2023, 9:41 a.m.
  • Length: 10:25

All games in this series

Show
View Real Time Build Order
Export as new Build Order

Reynor Zerg 

Build Orders: Hatch First 

Get SALT Encoding   

  12  0:00  Drone  
  13  0:12  Overlord  
  13  0:17  Drone  
  14  0:30  Drone x2  
  16  0:37  Drone  
  17  0:45  Drone  
  18  0:55  Hatchery  
  17  0:58  Drone  
  18  1:06  Drone, Extractor  
  18  1:15  Spawning Pool  
  17  1:19  Drone  
  18  1:27  Drone  
  19  1:38  Drone  
  20  1:49  Drone  
  20  1:53  Hatchery  
  20  2:03  Zergling x2  
  20  2:06  Queen  
  20  2:07  Drone  
  24  2:14  Queen  
  26  2:20  Overlord  
  26  2:23  Drone  
  26  2:28  Metabolic Boost  
  27  2:31  Zergling x2  
  28  2:38  Zergling x2  
  28  2:40  Drone x2  
  31  2:46  Zergling x2  
  31  2:48  Queen  
  31  2:50  Drone  
  35  2:53  Drone  
  36  2:59  Overlord  
  36  3:05  Drone x2  
  38  3:08  Queen  
  38  3:12  Drone  
  41  3:15  Drone  
  41  3:18  Drone  
  43  3:22  Queen  
  43  3:24  Drone  
  43  3:26  Drone  
  47  3:30  Overlord  
  47  3:32  Drone  
  47  3:34  Drone  
  49  3:36  Drone  
  49  3:38  Spore Crawler  
  49  3:39  Drone  
  50  3:48  Overlord  
  50  3:49  Drone x3  
  50  3:52  Drone  
  55  3:55  Drone x3  
  55  3:57  Drone  
  55  4:02  Drone x2  
  58  4:03  Drone  
  58  4:06  Drone x2  
  60  4:10  Overlord  
  60  4:11  Drone  
  60  4:13  Queen  
  63  4:18  Queen  
  63  4:19  Drone  
  63  4:23  Overlord  
  66  4:29  Drone  
  66  4:30  Drone x5  
  72  4:31  Drone  
  72  4:32  Drone  
  72  4:35  Overlord  
  73  4:38  Lair  
  73  4:40  Overlord  
  73  4:44  Drone x2  
  73  4:45  Drone  
  76  4:46  Drone  
  76  4:52  Extractor, Roach Warren  
  75  4:55  Extractor  
  75  4:56  Queen  
  75  4:57  Zergling x4, Extractor  
  75  4:58  Zergling x2  
  76  5:10  Drone x2  
  76  5:12  Drone x2  
  77  5:15  Zergling x12  
  77  5:17  Overlord  
  83  5:24  Overlord  
  83  5:30  Pneumatized Carapace, Drone  
  83  5:34  Roach x3  
  90  5:36  Roach x2  
  90  5:37  Roach  
  90  5:38  Drone x2  
  90  5:39  Overlord  
  98  5:45  Roach x3  
  104  5:53  Overlord  
  104  5:55  Zergling x2, Ravager  
  104  5:57  Overlord  
  106  6:01  Ravager  
  107  6:04  Zergling x12  
  107  6:05  Zergling x2  
  107  6:06  Spore Crawler  
  107  6:07  Overlord  
  107  6:09  Spore Crawler  
  112  6:12  Ravager  
  112  6:15  Ravager  
  112  6:16  Zergling x10  
  119  6:23  Ravager  
  119  6:25  Zergling x12  
  126  6:31  Ravager  
  126  6:37  Zergling x10  
  128  6:47  Zergling x6, Roach x2  
  128  6:51  Zergling x2, Roach x2  
  128  6:52  Zergling x2  
  128  6:53  Roach  
  123  7:01  Roach  
  122  7:12  Glial Reconstitution  
  122  7:13  Drone  
  122  7:14  Drone x5, Queen  
  122  7:15  Overlord  
  128  7:17  Ravager x3  
  128  7:19  Ravager  
  128  7:20  Zergling x2  
  133  7:23  Extractor, Hatchery  
  133  7:24  Roach x2  
  133  7:25  Queen  
  133  7:26  Extractor  
  133  7:27  Overlord  
  136  7:39  Zergling x4, Roach x2  
  136  7:40  Zergling x4  
  144  7:49  Roach  
  144  7:50  Zergling x2, Roach  
  149  7:57  Overlord  
  149  7:59  Roach, Spire  
  149  8:01  Roach  
  152  8:07  Overlord  
  152  8:08  Overlord  
  152  8:11  Overlord  
  153  8:17  Roach x3  
  153  8:19  Overlord  
  159  8:21  Roach  
  159  8:26  Overlord  
  161  8:29  Ravager x7  
  161  8:30  Zergling x4, Roach x2  
  161  8:33  Roach  
  176  8:35  Roach  
  176  8:40  Roach x4  
  186  8:43  Roach  
  186  8:47  Queen  
  190  8:51  Roach x4  
  193  9:05  Roach x6  
  197  9:14  Roach x2  
  197  9:15  Roach x7  
  180  9:25  Ravager x3  
  180  9:30  Zergling x10, Roach x3  
  194  9:37  Roach x3  
  194  9:38  Zergling x2  
  193  9:40  Zergling x2, Roach  
  187  9:47  Roach  
  187  9:51  Ravager x3  
  181  10:00  Zergling x18, Roach x2  
  181  10:05  Zergling x2, Roach x2  
Show
View Real Time Build Order
Export as new Build Order

Harstem Protoss - Winner!

Build Orders: 1 Gate Expand, Oracle Opening, Archon Immortal 

Get SALT Encoding   

  12  0:00  Probe  
  13  0:12  Probe  
  14  0:18  Pylon  
  14  0:24  Probe (Chrono Boost)  
  15  0:36  Probe (Chrono Boost)  
  15  0:40  Gateway  
  16  0:45  Probe (Chrono Boost)  
  17  0:51  Probe  
  17  0:53  Assimilator  
  18  1:03  Probe  
  19  1:15  Probe  
  20  1:33  Nexus  
  20  1:37  Cybernetics Core  
  20  1:38  Probe  
  21  1:45  Assimilator  
  21  1:50  Probe  
  22  1:54  Pylon  
  22  2:02  Probe  
  23  2:10  Adept (Chrono Boost)  
  23  2:15  Probe (Chrono Boost)  
  26  2:21  Stargate  
  26  2:26  Probe (Chrono Boost)  
  27  2:30  Probe (Chrono Boost)  
  27  2:33  Adept  
  27  2:36  Warp Gate  
  31  2:44  Probe (Chrono Boost)  
  31  2:45  Probe (Chrono Boost)  
  32  2:56  Probe (Chrono Boost)  
  32  2:57  Probe (Chrono Boost)  
  34  3:00  Probe (Chrono Boost)  
  34  3:04  Oracle (Chrono Boost)  
  34  3:05  Probe  
  38  3:12  Probe  
  40  3:14  Pylon  
  40  3:15  Zealot  
  40  3:17  Probe  
  43  3:24  Probe  
  43  3:26  Gateway  
  44  3:29  Probe  
  45  3:35  Oracle (Chrono Boost)  
  45  3:36  Probe  
  49  3:41  Probe  
  51  3:48  Probe  
  51  3:50  Pylon  
  51  3:54  Probe  
  52  4:00  Probe  
  53  4:06  Oracle (Chrono Boost), Probe  
  53  4:09  Nexus  
  57  4:12  Probe  
  57  4:14  Pylon  
  58  4:17  Assimilator  
  58  4:18  Probe  
  58  4:21  Assimilator  
  59  4:24  Stalker  
  59  4:27  Probe  
  62  4:32  Probe  
  62  4:33  Stalker  
  62  4:34  Pylon  
  62  4:36  Forge  
  65  4:40  Probe  
  67  4:46  Probe (Chrono Boost)  
  67  4:47  Stalker  
  67  4:51  Twilight Council  
  69  4:53  Probe (Chrono Boost)  
  69  4:59  Stalker  
  73  5:01  Shield Battery  
  73  5:02  Probe (Chrono Boost)  
  73  5:03  Probe (Chrono Boost)  
  74  5:09  Probe  
  74  5:10  Protoss Ground Weapons Level 1 (Chrono Boost), Probe  
  76  5:14  Stalker  
  76  5:15  Charge (Chrono Boost)  
  79  5:21  Probe  
  79  5:22  Probe  
  79  5:26  Gateway x2, Probe  
  81  5:33  Sentry, Probe  
  84  5:40  Probe  
  84  5:41  Probe  
  86  5:45  Probe  
  86  5:46  Robotics Facility  
  86  5:49  Zealot  
  86  5:51  Assimilator  
  86  5:52  Probe  
  86  5:53  Probe  
  86  5:54  Assimilator  
  88  5:57  Probe  
  88  5:59  Pylon  
  88  6:00  Shield Battery  
  88  6:01  Stalker  
  88  6:02  Pylon  
  91  6:04  Probe  
  91  6:07  Shield Battery  
  91  6:10  Shield Battery, Probe  
  93  6:14  Photon Cannon  
  93  6:17  Probe x2  
  95  6:22  Stalker  
  95  6:23  Stalker x2  
  101  6:26  Photon Cannon  
  101  6:28  Sentry  
  101  6:29  Photon Cannon  
  103  6:39  Probe  
  104  6:44  Gateway  
  104  6:46  Templar Archives  
  101  6:48  Gateway, Stalker  
  101  6:49  Stalker x2  
  104  6:55  Zealot  
  106  7:02  Shield Battery, Pylon  
  106  7:10  Immortal (Chrono Boost)  
  106  7:13  Protoss Ground Weapons Level 2 (Chrono Boost)  
  108  7:16  Probe  
  108  7:17  Pylon  
  108  7:19  Pylon  
  109  7:24  Pylon  
  109  7:28  High Templar x2  
  109  7:29  Zealot x2  
  117  7:31  Pylon  
  117  7:35  Archon  
  117  7:37  Immortal (Chrono Boost)  
  117  7:42  Zealot  
  123  7:48  Psionic Storm  
  123  7:52  Zealot x3  
  129  8:02  Phoenix  
  129  8:04  Probe  
  130  8:06  High Templar x3, Pylon  
  130  8:09  Gateway  
  136  8:16  Gateway, High Templar  
  136  8:17  Zealot x2  
  142  8:21  Probe  
  142  8:22  Warp Prism (Chrono Boost), Probe  
  143  8:30  Gateway  
  143  8:31  Nexus, Probe  
  143  8:32  Gateway  
  144  8:35  Gateway  
  144  8:36  Probe, Pylon  
  144  8:39  High Templar x2  
  144  8:40  Zealot x3  
  155  8:44  Pylon  
  155  8:45  Archon  
  153  8:57  Zealot  
  152  9:05  Zealot x3  
  152  9:08  Immortal (Chrono Boost)  
  159  9:15  High Templar  
  159  9:16  High Templar  
  145  9:17  Stalker x2  
  143  9:25  Zealot x5  
  143  9:29  Pylon  
  153  9:31  Pylon  
  153  9:38  Zealot x2, Immortal (Chrono Boost)  
  155  9:45  Zealot x6  
  165  9:54  Pylon  
  163  10:01  Zealot x4  
  157  10:09  Zealot x3  
  157  10:13  Zealot  
  157  10:14  Zealot  
Tags
 
Add a new tag
Caveats
  • Supply blocks, unpowered buildings, or Contaminate may cause inaccurate times.
  • Supply counts are checked every 10 seconds.